 Dungeon Crawl Stone Soup version 0.28.0-53-g5a82cb258f (webtiles) character file.

Game seed: 15405127578215649728

2 Descartes the Sneak (level 1, 0/10 HPs)
             Began as a Felid Delver on June 6, 2022.
             Slain by a hound (4 damage)
             ... on level 5 of the Dungeon.
             The game lasted 00:00:27 (186 turns).

Descartes the Sneak (Felid Delver)                   Turns: 186, Time: 00:00:28

Health: 0/10       AC:  1    Str:  8    XL:     1   Next: 25%
Magic:  2/2        EV: 17    Int: 11    God:
Gold:   21         SH:  0    Dex: 17    Spells: 0/0 levels left
                                        Lives:  0   Deaths: 0

rFire   . . .      SeeInvis +     - Unarmed
rCold   . . .      Faith    .   (shield unavailable)
rNeg    . . .      Spirit   .   (armour unavailable)
rPois   .          Reflect  .   (helmet unavailable)
rElec   .          Harm     .   (cloak unavailable)
rCorr   .          Rampage  .   (gloves unavailable)
Will    .....                   (boots unavailable)
Stlth   +++.......              (no amulet)
HPRegen 0.03/turn               (no ring)
MPRegen 0.08/turn               (no ring)

@: quick
A: very small, claws 1, fangs 3, see invisible, speed 1, shaggy fur 1, stealthy
paws, no weapons or thrown items, no armour, multi-lived
a: no special abilities


You were on level 5 of the Dungeon.
You visited 1 branch of the dungeon, and saw 1 of its levels.

You collected 21 gold pieces.

Inventory:

Jewellery
 g - a +4 ring of protection
Wands
 e - a wand of digging (3)
Scrolls
 a - a scroll of fog
 b - a scroll of magic mapping
 c - 2 scrolls of fear
Potions
 d - a potion of haste
 f - a potion of attraction {unknown}
 h - a potion of resistance {unknown}


   Skills:
 + Level 3.0 Fighting
 + Level 2.7 Dodging
 + Level 6.6 Stealth
 + Level 2.0 Unarmed Combat


You couldn't memorise any spells.
You didn't know any spells.
Your spell library was empty.

Dungeon Overview and Level Annotations

Branches:
Dungeon (5/15)
 Temple: D:4-7

Altars:
Okawaru


Innate Abilities, Weirdness & Mutations

You have sharp claws.
You have razor-sharp teeth.
You have supernaturally acute eyesight. (SInv)
You cover ground quickly. (Speed+)
You are covered in fur. (AC +1)
Your paws help you pounce on unaware monsters.
You are incapable of wielding weapons or throwing items.
You cannot wear armour.
You gain extra lives every three experience levels.


Message History

You now have 21 gold pieces.
Found an iron altar of Okawaru.
A black bear comes into view.
The black bear moves out of view.
An orc comes into view. It is wielding a +0 club.
You pounce on the unaware helpless orc!
You mangle the orc!!
You kill the orc!
Things that are here:
a +0 club; an orc corpse
Found a hand axe.
h - an orange potion
Found 26 stones.
You see here 26 stones.
You open the door.
An ogre and a hound come into view.
There is an open door here.
Found a scroll labelled IGRYFAOFFEIM.
You pounce on the unaware helpless ogre!
You mangle the ogre!!
The ogre is severely wounded.
The hound barks!
The ogre misses you.
There is an open door here.
A water moccasin comes into view.
The hound barely misses you.
You closely miss the hound. The hound bites you.
You closely miss the hound. The hound completely misses you.
You scratch the hound but do no damage. The hound closely misses you.
The hound misses you.
You barely miss the hound. The hound closely misses you.
You scratch the hound.
The hound is lightly wounded.
The hound closely misses you. x2
You scratch the hound.
The hound is moderately wounded.
The hound barely misses you.
You scratch the hound.
The hound is heavily wounded.
The hound bites you. x2
You die...

#.......# ###.#### ###....## #.#
####.# #.# #.# #+## #### #.#
##...## #... ###### ##.#
##.....## #.## .....# ##..#
##.......# #.#.
####.######...####.........###...
................@hO........+.....
####.#.........###........?###...
.# #.#.#####...# ##.......## #.#.
.# #.#.# #.....# ##.....## #.#.
.# #.#.###.###.# ##...## #...
.###.#.........# #+## ###.
.....#####.##### #.# #. .#####
#.# #.# #. .# #.####### ##.## #.


You could see an ogre and a hound.

Vanquished Creatures
  An orc (D:5)
1 creature vanquished.

Notes
Turn   | Place    | Note
-------+----------+-------------------------------------------
     0 | D:5      | Descartes the Felid Delver began the quest for the Orb.
     0 | D:5      | Reached XP level 1. HP: 10/10 MP: 2/2
    51 | D:5      | Found an iron altar of Okawaru.
    56 | D:5      | Noticed a black bear
   170 | D:5      | Noticed an ogre
   170 | D:5      | Noticed a hound
   179 | D:5      | Noticed a water moccasin
   186 | D:5      | Slain by a hound

Illustrated notes

Levels and vault maps discovered:
D:5:      layout_loops_corners, mainiacjoe_overflow_paths,
          gammafunk_temple_overflow_claw, uniq_blork_the_orc,
          uniq_prince_ribbit1

Action                   || total
-------------------------++-------
Melee: Unarmed           ||     9
 Stab: Sleeping          ||     2
Dodge: Dodged            ||     9
